 Dungeon Crawl Stone Soup version 0.12.2-22-g286eab9 (webtiles) character file.

252 Gabry the Covered (level 5, -6/46 HPs)
             Began as a Minotaur Fighter on Aug 30, 2013.
             Mangled by a phantom (8 damage)
             ... on Level 4 of the Dungeon.
             The game lasted 00:11:58 (2845 turns).

Gabry the Covered (Minotaur Fighter)                Turns: 2845, Time: 00:11:59

HP  -6/46        AC  7     Str 20      XL: 5   Next:  0%
MP   1/1         EV  6     Int  5      God:
Gold 115         SH 19     Dex 11      Spells:  0 memorised,  4 levels left

Res.Fire  : . . .   See Invis. : .   a - +0 mace
Res.Cold  : + . .   Warding    : .   b - +0 scale mail
Life Prot.: . . .   Conserve   : .   c - +0 shield
Res.Poison: .       Res.Corr.  : .   (helmet restricted)
Res.Elec. : .       Clarity    : .   (no cloak)
Sust.Abil.: . .     Spirit.Shd : .   (no gloves)
Res.Mut.  : .       Stasis     : .   (no boots)
Res.Rott. : .       Ctrl.Telep.: .   (no amulet)
Saprovore : . . .   Flight     : .   (no ring)
                                     t - ring of protection from cold

@: slightly resistant to hostile enchantments, extremely unstealthy
A: retaliatory headbutt, horns 2
a: no special abilities


You were on level 4 of the Dungeon.
You were not hungry.

You visited 1 branch of the dungeon, and saw 4 of its levels.

You collected 95 gold pieces.

Inventory:

Hand weapons
 a - a +0,+0 mace (weapon)
Armour
 b - a +0 scale mail (worn)
 c - a +0 shield (worn)
Comestibles
 d - 3 bread rations
 p - a meat ration
Scrolls
 e - a scroll of random uselessness {unknown}
 h - 3 scrolls of remove curse
 i - a scroll of amnesia {unknown}
 k - a scroll of identify
 l - 2 scrolls of magic mapping
 r - a scroll of teleportation
Jewellery
 t - a ring of protection from cold (left hand)
Potions
 g - 2 potions of curing {unknown}
 j - a potion of heal wounds {unknown}
 m - a potion of resistance {unknown}
 n - a potion of paralysis {unknown}
 q - a potion of flight {unknown}
 u - 3 potions of magic {unknown}
 v - a potion of invisibility {unknown}


   Skills:
 + Level 4.1 Fighting
 + Level 3.2 Maces & Flails
 + Level 5.0 Armour
 + Level 2.1 Dodging
 + Level 4.3 Shields
 + Level 0.4 Traps


You had 4 spell levels left.
You didn't know any spells.

Dungeon Overview and Level Annotations

Branches:
Dungeon (4/27)
 Temple: D:4-7

Altars:
Xom

Annotations
D:3 Gabry's ghost, average MiFi


Innate Abilities, Weirdness & Mutations

You reflexively headbutt those who attack you in melee.
You have a pair of horns on your head.


Message History

Found a long sword.
Throwing (i - inventory. (,) - cycle):
o - a +3,+2 elven dagger of venom (quivered)
Press: ? - help, Shift-Dir - straight line, f - phantom
Aim: a phantom (almost destroyed)
You throw a +3,+2 elven dagger of venom.
The +3,+2 elven dagger of venom hits the phantom.
The phantom is almost destroyed.
Throwing (i - inventory):
f - an elven dagger (quivered)
Press: ? - help, Shift-Dir - straight line, f/p - phantom
Aim: a phantom (almost destroyed)
You throw an elven dagger. The elven dagger hits the phantom.
The phantom is almost destroyed.
Firing (i - inventory): No suitable missiles.
Press: ? - help, Shift-Dir - straight line, f/p - phantom
Aim: a phantom (almost destroyed)
Okay, then.
You closely miss the phantom. Your headbutt misses the phantom.
The phantom is almost destroyed.
The phantom barely misses you. The phantom hits you!
You die...

###. ..... ##..#.
.#>.... .......
#...#.####
#........#
#....%..<#
#.!.))p@.#
#.............#
..............?.)
##.#.............
#...............
.............#
#...........
..###...## #..


You could see a phantom.

Vanquished Creatures
  9 adders
  2 worms
  An orc (D:3)
  2 giant cockroaches
  11 goblins
  4 hobgoblins
  3 quokkas
  2 ball pythons (D:3)
  5 bats
  6 kobolds
  5 rats
50 creatures vanquished.

Vanquished Creatures (others)
  A rat (D:2)
1 creature vanquished.

Grand Total: 51 creatures vanquished

Notes
Turn   | Place    | Note
--------------------------------------------------------------
     0 | D:1      | Gabry, the Minotaur Fighter, began the quest for the Orb.
     0 | D:1      | Reached XP level 1. HP: 19/19 MP: 0/0
   155 | D:1      | Reached XP level 2. HP: 26/26 MP: 0/0
   265 | D:1      | Reached skill level 4 in Armour
   963 | D:2      | Reached skill level 1 in Dodging
   963 | D:2      | Reached XP level 3. HP: 24/33 MP: 1/1
  1384 | D:2      | Reached XP level 4. HP: 33/39 MP: 1/1
  1681 | D:3      | Noticed Gabry's ghost (average MiFi)
  1704 | D:3      | HP: 2/40 [Gabry's ghost (1)]
  2284 | D:3      | Found a shimmering altar of Xom.
  2303 | D:3      | Vault con un po' di roba che richiede stone to mud
  2518 | D:3      | Reached skill level 5 in Armour
  2824 | D:4      | Noticed a phantom
  2835 | D:4      | HP: 1/40 [phantom (5)]
  2838 | D:4      | Reached XP level 5. HP: 1/46 MP: 1/1
  2845 | D:4      | Mangled by a phantom

Action                   |  1- 3 |  4- 6 || total
-------------------------+-------+-------++-------
Melee: Mace              |   103 |   112 ||   215
Throw: Dagger            |       |     2 ||     2
  Use: Scroll            |       |     9 ||     9
